 Dungeon Crawl Stone Soup version 0.27-a0-887-gcab673c142 (webtiles) character file.

Game seed: 5985699707408047763

2681 Dervan the Geomancer (level 9, 0/72 HPs)
             Began as a Gargoyle Earth Elementalist on Apr 4, 2021.
             Slain by a wyvern (8 damage)
             ... on level 8 of the Dungeon.
             The game lasted 00:13:41 (8117 turns).

Dervan the Geomancer (Gargoyle Earth Elementalist)  Turns: 8117, Time: 00:13:42

Health: 0/72       AC: 24    Str: 15    XL:     9   Next: 64%
Magic:  17/19      EV:  2    Int: 19    God:
Gold:   326        SH:  0    Dex: 16    Spells: 12/21 levels left

rFire    . . .     SeeInvis .   j - +8 dagger of Change {vamp, Str+3}
rCold    . . .     Faith    .   (no shield)
rNeg     + + +     Spirit   .   (armour currently unavailable)
rPois    ∞         Reflect  .   (helmet currently unavailable)
rElec    .         Harm     .   (cloak currently unavailable)
rCorr    .         Rampage  .   (gloves currently unavailable)
Will     +....     NoTele   +   (boots currently unavailable)
Stlth    ++........             (no amulet)
HPRegen  0.22/turn              e - +6 ring of dexterity
MPRegen  0.16/turn              i - ring of willpower

@: mighty, agile, tree-form, very slightly contaminated, slowed, invisible, very
slow
A: stationary, stasis, torment immunity, boosted hp, AC +6, negative energy
resistance 1, (electricity resistance), torment resistance 1, (unbreathing 1),
petrification resistance
a: no special abilities


You were on level 8 of the Dungeon.
You were a tree.
You visited 2 branches of the dungeon, and saw 9 of its levels.

You collected 522 gold pieces.
You spent 196 gold pieces at shops.

Inventory:

Hand Weapons
 j - the +8 dagger of Change (weapon) {vamp, Str+3}
   (You found it on level 4 of the Dungeon)

   It inflicts no extra harm, but heals its wielder when it wounds a living foe.
   It affects your strength (+3).
 n - a +0 flail
 o - the +6 mace "Nium" {freeze, *Noise rN+++ Str+3 SInv}
   (You found it on level 4 of the Dungeon)

   It has been specially enchanted to freeze those struck by it, causing extra
   injury to most foes and up to half again as much damage against particularly
   susceptible opponents.
   It can also slow down cold-blooded creatures.
   It affects your strength (+3).
   It renders you almost immune to negative energy.
   It lets you see invisible.
   It may make noises in combat.
 t - a +2 vorpal flail
Missiles
 b - 228 stones
 v - 4 atropa-tipped darts
Armour
 d - a +0 pair of gloves (melded)
 p - a +1 cloak (melded)
 s - the +1 robe of Somewhere Else (melded) {Regen+}
   (You found it on level 5 of the Dungeon)

   It increases your rate of health regeneration.
Jewellery
 a - a ring of protection from cold
 e - a +6 ring of dexterity (left branch)
 i - a ring of willpower (right branch)
Wands
 f - a wand of digging (4)
Scrolls
 c - a scroll of fog
 l - a scroll of teleportation
 x - a scroll of fear
Potions
 g - a potion of invisibility
 h - a potion of lignification
 k - 2 potions of flight
 q - a potion of brilliance
 r - a potion of haste {unknown}
 u - a potion of resistance {unknown}
 w - a potion of might {unknown}


   Skills:
 + Level 1.7 Fighting
 + Level 1.7 Maces & Flails
 + Level 1.7 Armour
 + Level 2.1 Dodging
 - Level 2.1 Stealth
 + Level 6.7 Spellcasting
 + Level 7.3 Conjurations
 - Level 0.7 Transmutations
 + Level 9.2 Earth Magic
 + Level 1.3 Evocations


You had 12 spell levels left.
You knew the following spells:

 Your Spells              Type           Power      Damage    Failure   Level
a - Sandblast             Erth           82%        2d17      1%          1
b - Stone Arrow           Conj/Erth      74%        3d11      1%          3
c - Lee's Rapid Deconstr  Erth           20%        3d13*     6%          5

Your spell library contained the following spells:

 Spells                   Type           Power      Damage    Failure   Level
 Passwall                 Tmut/Erth      20%        N/A       1%          2
 Petrify                  Tmut/Erth      25%        N/A       13%         4


Dungeon Overview and Level Annotations

Branches:
Dungeon (8/15)             Temple (1/1) D:5
   Lair: D:8-11

Altars:
Ashenzari
Cheibriados
Dithmenos
Elyvilon
Fedhas
Gozag
Hepliaklqana
Kikubaaqudgha
Makhleb
Nemelex Xobeh
Okawaru
Qazlal
Sif Muna
Trog
Uskayaw
Wu Jian
Xom
Yredelemnul
Zin
The Shining One
Lugonu

Shops:
D:4 !

Annotations:
D:3 3 runed translucent doors, Gilette's ghost, amateur MiMo
D:8 Psyche


Innate Abilities, Weirdness & Mutations

You are a tree.
Your roots penetrate the ground, keeping you stationary.
You cannot be teleported.
You are immune to unholy pain and torment.
Your maximum health is greatly increased.
Your equipment is partially melded.
((Your stone body is resilient. (AC +6)))
You are immune to poison.
You resist negative energy. (rN+)
((You are resistant to electric shocks. (rElec)))
You are resistant to unholy torment.
((You can survive without breathing.))
You are immune to petrification.


Message History

Your roots penetrate the ground.
The wyvern bites you but does no damage.
Something completely misses you.
The ice beast hits you but does no damage.
The wyvern bites you.
* * * LOW HITPOINT WARNING * * *
You hear some strange, mumbled words.
A swirling arc of seething chaos appears!
An arc of chaos appears from out of thin air!
The arc of chaos hits you but does no damage.
You resist.
The arc of chaos hits the ice beast.
The ice beast completely resists.
The ice beast hits you but does no damage.
Casting: Sandblast (safe; 1% risk of failure)
Confirm with . or Enter, or press ? or * to list all spells.
Okay, then.
Casting: Sandblast (safe; 1% risk of failure)
Confirm with . or Enter, or press ? or * to list all spells.
Aiming: Sandblast (safe; 1% risk of failure)
Press: ? - help, Shift-Dir - straight line, f - wyvern
Aim: a wyvern (17% to evade)
The blast of sand hits the wyvern but does no damage.
The wyvern bites you but does no damage.
Something completely misses you.
The wyvern bites you but does no damage.
The ice beast hits you but does no damage.
Something hits you.
* * * LOW HITPOINT WARNING * * *
You fade into invisibility!
You are very lightly contaminated with residual magic.
The wyvern bites you but does no damage.
Casting: Sandblast (safe; 1% risk of failure)
Confirm with . or Enter, or press ? or * to list all spells.
Aiming: Sandblast (safe; 1% risk of failure)
Press: ? - help, Shift-Dir - straight line, f/p - wyvern
Aim: a wyvern (17% to evade)
The blast of sand hits the wyvern.
The wyvern is lightly wounded.
The wyvern bites you!
You die...

...............
................
................. #
.................Y #
................... #
.................... #
......{l............# .
......<♣Y...........# .
....................##..
....................#...
..........(.........#..#
.......................#
......................#
......................##
........................
..................>....


You could see a wyvern and an ice beast.

Vanquished Creatures
  Maggie (D:7)
  A slime creature (D:5)
  Menkaure (D:5)
  A water moccasin (D:6)
  A black bear (D:5)
  2 sky beasts
  4 ice beasts
  A necrophage (D:6)
  2 ogres
  4 lemures (D:6)
  Blork the orc (D:6)
  4 kobold brigands
  A bullfrog (D:4)
  A wyvern zombie (D:7)
  2 centaur zombies (D:6)
  A hound (D:7)
  Crazy Yiuf (D:4)
  2 orc priests
  4 jellies
  3 iguanas
  A centaur skeleton (D:7)
  A bullfrog skeleton (D:6)
  2 orc wizards
  A howler monkey zombie (D:6)
  3 adders
  2 shadow imps
  A white imp (D:7)
  2 ufetubi (D:6)
  A dart slug (D:3)
  15 orcs
  6 ball pythons
  12 endoplasms
  2 giant cockroaches
  4 goblins
  7 hobgoblins
  4 jackals (D:4)
  5 quokkas
  4 bats
  4 frilled lizards
  12 kobolds
  6 rats
133 creatures vanquished.

Vanquished Creatures (others)
  7 fungi
  9 toadstools (D:5)
16 creatures vanquished.

Grand Total: 149 creatures vanquished

Notes
Turn   | Place    | Note
-------+----------+-------------------------------------------
     0 | D:1      | Dervan the Gargoyle Earth Elementalist began the quest for
                  | the Orb.
     0 | D:1      | Reached XP level 1. HP: 10/10 MP: 3/3
   255 | D:1      | Found a faded altar of an unknown god.
   541 | D:1      | Reached XP level 2. HP: 10/15 MP: 5/5
   544 | D:1      | Reached skill level 4 in Earth Magic
  1399 | D:2      | Reached XP level 3. HP: 19/19 MP: 6/6
  1403 | D:2      | Learned a level 3 spell: Stone Arrow
  2263 | D:3      | Found an opulent altar of Gozag.
  2289 | D:3      | Found a runed translucent gate.
  2369 | D:3      | Found a runed translucent gate.
  2369 | D:3      | Noticed Gilette's ghost (amateur MiMo)
  2370 | D:3      | Found a runed translucent gate.
  2474 | D:3      | Noticed a +0 short sword
  2474 | D:3      | Noticed a +0 falchion
  2474 | D:3      | Noticed a +0 spear
  2475 | D:3      | Noticed a +0 spear
  2475 | D:3      | Noticed a +0 dagger
  2475 | D:3      | Noticed a +0 falchion
  2475 | D:3      | Noticed a +0 short sword
  2476 | D:3      | Noticed a +0 dagger
  2488 | D:3      | Found a hide-covered altar of Uskayaw.
  2704 | D:3      | Reached skill level 1 in Conjurations
  3073 | D:3      | Found an iron altar of Okawaru.
  3076 | D:3      | Reached XP level 4. HP: 24/24 MP: 8/8
  3198 | D:4      | Noticed a bullfrog
  3207 | D:4      | Killed a bullfrog
  3208 | D:4      | Reached skill level 5 in Earth Magic
  3208 | D:4      | Reached XP level 5. HP: 11/28 MP: 7/9
  3401 | D:4      | Learned a level 5 spell: Lee's Rapid Deconstruction
  3417 | D:4      | Noticed an ice beast
  3424 | D:4      | Killed an ice beast
  3696 | D:4      | Identified the +8 dagger of Change {vamp, Str+3}
  3774 | D:4      | Found a burning altar of Makhleb.
  3845 | D:4      | Found Sewobrad's Distillery.
  3864 | D:4      | Bought a potion of curing for 42 gold pieces
  3864 | D:4      | Bought 2 potions of heal wounds for 140 gold pieces
  3864 | D:4      | Bought a potion of degeneration for 14 gold pieces
  3944 | D:4      | Reached XP level 6. HP: 32/32 MP: 11/11
  3946 | D:4      | Identified the +6 mace "Nium" {freeze, *Noise rN+++ Str+3
                  | SInv}
  3953 | D:4      | Found a runed translucent door.
  3954 | D:4      | Noticed Crazy Yiuf
  3967 | D:4      | Killed Crazy Yiuf
  4204 | D:4      | Reached skill level 6 in Earth Magic
  4502 | D:5      | Entered Level 5 of the Dungeon
  4682 | D:5      | Found a staircase to the Ecumenical Temple.
  4692 | Temple   | Entered the Ecumenical Temple
  4832 | D:5      | Reached XP level 7. HP: 36/36 MP: 6/13
  4845 | D:5      | Noticed Menkaure
  4856 | D:5      | Killed Menkaure
  5028 | D:5      | Identified the +1 robe of Somewhere Else {Regen+}
  5266 | D:5      | Reached skill level 7 in Earth Magic
  5278 | D:5      | Reached skill level 5 in Spellcasting
  5313 | D:5      | Reached skill level 5 in Conjurations
  5313 | D:5      | Reached XP level 8. HP: 38/41 MP: 13/15
  5317 | D:5      | Noticed a slime creature
  5482 | D:5      | Killed a slime creature
  5856 | D:5      | Found an ornate altar of the Wu Jian Council.
  5856 | D:5      | Found a hazy altar of Hepliaklqana.
  5979 | D:6      | Reached skill level 8 in Earth Magic
  6012 | D:6      | Noticed Pikel
  6086 | D:7      | Noticed Maggie
  6113 | D:7      | Killed Maggie
  6114 | D:7      | Reached XP level 9. HP: 18/45 MP: 1/18
  6326 | D:6      | Found a bloodstained altar of Trog.
  6407 | D:6      | Found a glowing golden altar of the Shining One.
  6415 | D:6      | Noticed Blork the orc
  6418 | D:6      | Killed Blork the orc
  6419 | D:6      | Reached skill level 9 in Earth Magic
  6489 | D:6      | Found a shimmering blue altar of Sif Muna.
  7039 | D:7      | Reached skill level 1 in Fighting
  7039 | D:7      | Reached skill level 1 in Maces & Flails
  7039 | D:7      | Reached skill level 1 in Armour
  7266 | D:7      | Found a shimmering altar of Xom.
  7277 | D:7      | Found a shimmering altar of Xom.
  7282 | D:7      | Found a shimmering altar of Xom.
  7282 | D:7      | Found a shimmering altar of Xom.
  7283 | D:7      | Found a shimmering altar of Xom.
  7284 | D:7      | Found a shimmering altar of Xom.
  7284 | D:7      | Found a shimmering altar of Xom.
  7285 | D:7      | Found a shimmering altar of Xom.
  7301 | D:7      | Reached skill level 1 in Evocations
  7496 | D:7      | Found an ancient bone altar of Kikubaaqudgha.
  7828 | D:7      | Found a white marble altar of Elyvilon.
  8103 | D:8      | Noticed Psyche
  8117 | D:8      | Slain by a wyvern

Illustrated notes

Levels and vault maps discovered:
D:1:      dpeg_arrival_tiny_j, layout_loops_corners, serial_glass,
          glass_columns_a, glass_columns_a, chequers_ecumenical_altar_grove
D:2:      layout_loops_corners
D:3:      layout_loops_ring, nicolae_gozag_cash_rules_everything_around_me,
          lemuel_coloured_pillars_altar, nicolae_uskayaw_en_pointe,
          gammafunk_ghost_necromancy
D:4:      layout_basic, amcnicky_altar_gilded, serial_shops, nicolae_shop_trees,
          minivault_26, uniq_crazy_yiuf_cottage
D:5:      cheibrodos_fertilizer, layout_basic, gammafunk_temple_overflow_pools,
          minmay_temple_entry_overgrown, uniq_menkaure
D:6:      layout_loops_ring, kennysheep_little_box, kennysheep_mini,
          nicolae_overflow_crystal_walls, uniq_pikel, uniq_blork_the_orc
D:7:      layout_basic, elyvilon_altar_4, xom_redecorated, lemuel_tele_altar,
          uniq_maggie
D:8:      layout_layer_cave, minmay_manual_mares, uniq_psyche
Temple:   corrupted_temple

Skill      XL: |  1  2  3  4  5  6  7  8  9 |
---------------+----------------------------+-----
Earth Magic    | 4 5 6 7 8 9 |  9.2
Conjurations   | 1 2 3 5 6 7 |  7.3
Spellcasting   | 3 4 5 6 |  6.7
Fighting       | 1 |  1.7
Maces & Flails | 1 |  1.7
Armour         | 1 |  1.7
Evocations     | 1 |  1.3
Dodging        | 2 |  2.1
Stealth        | |  2.1
Transmutations | |  0.7

Action                   |  1- 3 |  4- 6 |  7- 9 || total
-------------------------+-------+-------+-------++-------
Melee: Whip              |   110 |    14 |       ||   124
       Dagger            |       |    56 |   201 ||   257
 Cast: Sandblast         |     5 |    19 |    54 ||    78
       Stone Arrow       |       |     3 |    12 ||    15
       Lee's Rapid Decon |       |       |     2 ||     2
  Use: Scroll            |     7 |     2 |     7 ||    16
       Potion            |       |     1 |     4 ||     5
 Stab: Sleeping          |     9 |     5 |     1 ||    15
       Distracted        |     1 |       |     1 ||     2
Armor: Robe              |    40 |    32 |   110 ||   182
       Skin              |       |       |     8 ||     8
Dodge: Dodged            |    69 |    40 |   151 ||   260

Table legend: (Time is in decaauts)
 A = Elapsed time spent in this place.
 B = Non-inter-level travel time spent in this place.
 C = Inter-level travel time spent in this place.
 D = Time resting spent in this place.
 E = Time spent auto-exploring this place.
 F = Levels seen in this place.
 G = Mean time per level.
                   A        B        C        D        E       F      G
               +--------+--------+--------+--------+--------+-----+--------+
         Total |   8144 |   7903 |    241 |    718 |   5982 |   9 |  904.9 |
       Dungeon |   8097 |   7870 |    227 |    718 |   5951 |   8 | 1012.1 |
        Temple |     46 |     32 |     14 |      0 |     31 |   1 |   46.0 |
               +--------+--------+--------+--------+--------+-----+--------+

Top non-repeatable levels by time:
     D:4: 1340 daAuts
     D:5: 1336 daAuts
     D:1: 1220 daAuts
     D:7: 1196 daAuts
     D:3: 1093 daAuts
     D:6: 942 daAuts
     D:2: 857 daAuts
     D:8: 110 daAuts
  Temple: 46 daAuts
